 Dungeon Crawl Stone Soup version 0.28.0-43-g3370ac3207 (webtiles) character file.

Game seed: 7350540589743222754

15246 banana55725 the Fighter (level 11, -6/128 HPs)
             Began as a Minotaur Monk on Mar 3, 2022.
             Was the Champion of Jiyva.
             Mangled by an 11-headed hydra (7 damage)
             ... on level 3 of the Lair of Beasts.
             The game lasted 00:48:38 (9471 turns).

banana55725 the Fighter (Minotaur Monk)             Turns: 9471, Time: 00:48:39

Health: -6/128     AC: 12    Str: 22    XL:     11   Next: 99%
Magic:  8/13       EV: 12    Int: 11    God:    Jiyva [******]
Gold:   294        SH:  0    Dex: 17    Spells: 14/14 levels left

rFire   . . .      SeeInvis .   c - +2 glaive (freeze)
rCold   + + .      Faith    .   (shield currently unavailable)
rNeg    . . .      Spirit   .   m - +0 chain mail
rPois   .          Reflect  .   h - +2 hat
rElec   .          Harm     .   (no cloak)
rCorr   +          Rampage  .   (no gloves)
Will    +....                   (no boots)
Stlth   +.........              v - amulet of the acrobat
HPRegen 1.91/turn               t - ring of protection from cold
MPRegen 0.63/turn               f - ring of willpower

@: slimy
A: horns 2, retaliatory headbutt, hooves 1, agile 1, clever 2, cold resistance
1, robust 2, strong 2, translucent skin 2, jelly absorbing missiles
a: Renounce Religion, Oozemancy, Slimify


You were on level 3 of the Lair of Beasts.
You worshipped Jiyva.
Jiyva was exalted by your worship.
You visited 2 branches of the dungeon, and saw 12 of its levels.

You collected 342 gold pieces.
You spent 48 gold pieces at shops.

Inventory:

Hand Weapons
 a - a +0 spear
 c - a +2 glaive of freezing (weapon)
 n - a +2 spear of flaming
Missiles
 e - 163 stones (quivered)
 j - 5 boomerangs
Armour
 b - a +0 robe
 g - +0 steam dragon scales
 h - a +2 hat (worn)
 i - a +0 leather armour
 k - a +1 ring mail
 m - a +0 chain mail (worn)
 s - a +0 ring mail
Jewellery
 d - a +6 ring of intelligence
 f - a ring of willpower (right hand)
 t - a ring of protection from cold (left hand)
 v - an amulet of the acrobat (around neck)
Scrolls
 o - a scroll of identify
 p - a scroll of amnesia
 w - a scroll of noise
Potions
 l - 4 potions of curing
 q - 2 potions of degeneration
 u - a potion of might
 x - 2 potions of heal wounds
 z - a potion of magic
Miscellaneous
 r - a box of beasts


   Skills:
 * Level 13.2 Fighting
 * Level 13.2 Polearms
 + Level 4.8 Throwing
 + Level 5.9 Armour
 + Level 9.0 Dodging
 - Level 5.4 Stealth
 - Level 2.3 Spellcasting


You had 14 spell levels left.
You didn't know any spells.
Your spell library contained the following spells:

 Spells                   Type           Power      Damage    Failure   Level
 Ensorcelled Hibernation  Hex/Ice        2%         N/A       97%         2
 Passwall                 Tmut/Erth      0%         N/A       97%         2
 Gell's Gravitas          Tloc           1%         N/A       99%         3
 Swiftness                Air            1%         N/A       99%         3
 Teleport Other           Tloc           1%         N/A       99%         3
 Hailstorm                Conj/Ice       1%         3d3       100%        4
 Ice Form                 Ice/Tmut       1%         N/A       100%        4
 Dispersal                Tloc           0%         N/A       100%        6
 Simulacrum               Ice/Necr       0%         N/A       100%        6


Dungeon Overview and Level Annotations

Branches:
Dungeon (9/15)             Temple (0/1) D:7            Lair (3/6) D:9
 Shoals (0/4) Lair:2
  Snake: Lair:2-4    Spider: Lair:2-4       Orc: D:9-12

Altars:
Ashenzari
Fedhas
Gozag
Kikubaaqudgha
Nemelex Xobeh
Ru
Uskayaw
Vehumet
Wu Jian
Xom
Yredelemnul
The Shining One
Jiyva

Shops:
D:4 *   D:7 **


Innate Abilities, Weirdness & Mutations

You have a pair of horns on your head.
You reflexively headbutt those who attack you in melee.
You have large cloven feet.
You are agile. (Dex +2)
Your mind is very acute. (Int +4)
Your flesh is cold resistant. (rC+)
You are very robust. (+20% HP)
Your muscles are very strong. (Str +4)
Your translucent skin reduces your foes' accuracy. (Stealth+)
You have a small jelly attached to you that may absorb projectiles.


Message History

The nine-headed hydra closely misses you. x3
The nine-headed hydra bites you!
You hack one of the nine-headed hydra's heads off!
The eight-headed hydra grows two more!
You hit the ten-headed hydra.
The ten-headed hydra seems to slow down.
You freeze the ten-headed hydra. You kick the ten-headed hydra.
You headbutt the ten-headed hydra!
The ten-headed hydra is moderately wounded.
You hear a distant slurping noise.
You barely miss the ten-headed hydra. Your kick misses the ten-headed hydra.
The ten-headed hydra is moderately wounded.
The ten-headed hydra bites you. x2
The ten-headed hydra bites you but does no damage.
The ten-headed hydra bites you. x2
The ten-headed hydra bites you but does no damage. x2
The ten-headed hydra closely misses you.
The ten-headed hydra completely misses you.
The ten-headed hydra bites you!
You chop one of the ten-headed hydra's heads off!
The nine-headed hydra grows two more!
You slice the 11-headed hydra!! You freeze the 11-headed hydra!
You headbutt the 11-headed hydra!
The 11-headed hydra is almost dead.
The 11-headed hydra bites you. The 11-headed hydra closely misses you.
The 11-headed hydra barely misses you. The 11-headed hydra bites you!
The 11-headed hydra bites you. The 11-headed hydra barely misses you.
The 11-headed hydra bites you but does no damage.
The 11-headed hydra bites you. The 11-headed hydra bites you! x2
* * * LOW HITPOINT WARNING * * *
The 11-headed hydra bites you!
* * * LOW HITPOINT WARNING * * *
You hear a distant slurping noise.
A thick mucus forms on your +2 glaive of freezing.
The 11-headed hydra bites you.
* * * LOW HITPOINT WARNING * * *
The 11-headed hydra bites you.
* * * LOW HITPOINT WARNING * * *
The 11-headed hydra barely misses you. The 11-headed hydra bites you!
* * * LOW HITPOINT WARNING * * *
The 11-headed hydra bites you!
You die...

........ .......
......... .......
.......... .......
............. .......
............. .......##
............<
........##..............
......D..#..............
.......@.##.............
........................
........................
.......###..............
....... #..............
....... #..............
....... #..............
......# ##............#
.... #...........###


You could see a 11-headed hydra (slow).

Vanquished Creatures
  2 boulder beetles
  2 hydras
  A two-headed ogre (D:8)
  3 oklob plants (Lair:1)
  A black mamba (Lair:3)
  5 cane toads
  2 komodo dragons (Lair:3)
  A hornet (D:6)
  7 blink frogs (Lair:2)
  Sigmund (D:6)
  9 yaks
  2 wyverns
  2 steam dragons
  3 basilisks
  Menkaure (D:6)
  An acid dragon (D:5)
  2 water moccasins
  2 orc warriors
  3 ice beasts
  A black bear (D:5)
  A necrophage (D:7)
  An ogre (D:4)
  10 wolves (Lair:2)
  3 centaurs
  2 gnoll sergeants (D:8)
  4 bullfrogs
  Blork the orc (D:6)
  2 scorpions
  A water moccasin zombie (D:5)
  6 killer bees
  4 wights (D:8)
  4 howler monkeys
  A bullfrog zombie (D:6)
  3 centaur zombies
  2 hounds
  An orc priest (D:8)
  2 bullfrog skeletons
  4 iguanas
  4 orc wizards
  12 gnolls
  5 adders
  A white imp (D:8)
  4 ufetubi
  2 adder skeletons (D:4)
  3 worms
  4 dart slugs
  23 orcs
  7 ball pythons
  7 bats
  3 endoplasms (D:1)
  4 giant cockroaches
  4 goblins (D:1)
  5 hobgoblins
  2 jackals (D:4)
  5 kobolds
  3 quokkas
  4 frilled lizards
  4 rats
209 creatures vanquished.

Vanquished Creatures (collateral kills)
  Erolcha (D:9)
1 creature vanquished.

Vanquished Creatures (others)
  A basilisk (Lair:1)
  3 orc warriors (D:8)
  An ice beast (D:6)
  A wolf (Lair:2)
  2 necrophages
  A centaur (D:8)
  2 bullfrogs (D:8)
  3 gnoll sergeants
  A killer bee (D:9)
  14 jellies
  An iguana (D:6)
  An orc wizard (D:9)
  A killer bee zombie (D:8)
  6 gnolls
  An adder (D:3)
  2 white imps
  A worm (D:3)
  8 orcs
  A giant cockroach (D:2)
  A quokka (D:3)
  2 bats (D:3)
  30 fungi
  27 plants
111 creatures vanquished.

Grand Total: 321 creatures vanquished

Notes
Turn   | Place    | Note
-------+----------+-------------------------------------------
     0 | D:1      | banana55725 the Minotaur Monk began the quest for the Orb.
     0 | D:1      | Reached XP level 1. HP: 19/19 MP: 0/0
    50 | D:1      | Reached XP level 2. HP: 27/27 MP: 1/1
   350 | D:1      | Reached XP level 3. HP: 33/33 MP: 2/2
   401 | D:1      | Found a faded altar of an unknown god.
   494 | D:1      | Prayed at the altar of an unknown god.
   494 | D:1      | Became a worshipper of Jiyva Jiof the Shapeless
   494 | D:1      | Reached * piety under Jiyva
   494 | D:1      | Reached ** piety under Jiyva
   762 | D:2      | Reached *** piety under Jiyva
   762 | D:2      | Gained mutation: You have hidden genetic potential.
                  | [Jiyva's grace]
   762 | D:2      | Gained mutation: You have great hidden genetic potential.
                  | [Jiyva's grace]
   762 | D:2      | Gained mutation: You have a small jelly attached to you
                  | that may absorb projectiles. [Jiyva's grace]
   762 | D:2      | Gained mutation: Your melee attacks may engulf your foes in
                  | ooze. [Jiyva's grace]
   900 | D:2      | Reached XP level 4. HP: 41/41 MP: 3/3
  1326 | D:3      | Gained mutation: Your flesh is cold resistant. (rC+)
                  | [hidden potential]
  1468 | D:3      | Reached **** piety under Jiyva
  1972 | D:4      | Reached skill level 5 in Fighting
  1972 | D:4      | Reached skill level 5 in Polearms
  1972 | D:4      | Reached XP level 5. HP: 47/48 MP: 4/4
  2016 | D:4      | Noticed an ogre
  2033 | D:4      | Killed an ogre
  2049 | D:4      | Found Nevoet's Overcharged Wands.
  2054 | D:4      | Gained mutation: You are partially covered in iridescent
                  | scales. (AC +2) [hidden potential]
  2054 | D:4      | Lost mutation: You have great hidden genetic potential.
                  | [hidden potential expressed]
  2066 | D:4      | Reached XP level 6. HP: 56/57 MP: 5/5
  2208 | D:4      | Found an ancient bone altar of Kikubaaqudgha.
  2260 | D:4      | Found a sacrificial altar of Ru.
  2271 | D:4      | Found a glowing golden altar of the Shining One.
  2680 | D:5      | Entered Level 5 of the Dungeon
  2707 | D:5      | Gained mutation: Your flesh is very cold resistant. (rC++)
                  | [hidden potential]
  2728 | D:5      | Noticed an acid dragon
  2735 | D:5      | Lost mutation: Your flesh is very cold resistant. (rC++)
                  | [potion of mutation]
  2735 | D:5      | Lost mutation: You are partially covered in iridescent
                  | scales. (AC +2) [potion of mutation]
  2735 | D:5      | Gained mutation: Your spells are a little harder to cast,
                  | but a little more powerful. [potion of mutation]
  2735 | D:5      | Gained mutation: You have large cloven feet. [potion of
                  | mutation]
  2737 | D:5      | Identified a scroll of acquirement
  2737 | D:5      | Acquired a +1 glaive of freezing
  2747 | D:5      | Killed an acid dragon
  2748 | D:5      | Reached XP level 7. HP: 46/64 MP: 4/6
  2784 | D:5      | Found an opulent altar of Gozag.
  2801 | D:5      | Found an opulent altar of Gozag.
  2801 | D:5      | Found an opulent altar of Gozag.
  2811 | D:5      | Found an opulent altar of Gozag.
  2902 | D:5      | Reached skill level 5 in Dodging
  2913 | D:5      | Gained mutation: You are partially covered in iridescent
                  | scales. (AC +2) [hidden potential]
  2913 | D:5      | Lost mutation: You have hidden genetic potential. [hidden
                  | potential expressed]
  3209 | D:5      | Gained mutation: Your mind is acute. (Int +2) [Jiyva's
                  | grace]
  3209 | D:5      | Gained mutation: Your mind is very acute. (Int +4) [Jiyva's
                  | grace]
  3209 | D:5      | Gained mutation: Your skin changes colour to match your
                  | surroundings (Stealth+). [Jiyva's grace]
  3209 | D:5      | Gained mutation: Your skin blends seamlessly with your
                  | surroundings (Stealth++). [Jiyva's grace]
  3365 | D:6      | Noticed Menkaure
  3366 | D:6      | Noticed Blork the orc
  3368 | D:6      | Killed Menkaure
  3369 | D:6      | Reached XP level 8. HP: 73/73 MP: 7/7
  3373 | D:6      | Killed Blork the orc
  3391 | D:6      | Found a broken altar of Ashenzari.
  3412 | D:6      | Noticed Sigmund
  3422 | D:6      | Killed Sigmund
  3490 | D:6      | Found a hide-covered altar of Uskayaw.
  3594 | D:6      | Noticed a hornet
  3602 | D:6      | Killed a hornet
  3627 | D:6      | Found a blossoming altar of Fedhas.
  3656 | D:6      | Reached ***** piety under Jiyva
  3970 | D:7      | Reached skill level 1 in Spellcasting
  3970 | D:7      | Reached XP level 9. HP: 71/82 MP: 9/9
  4136 | D:7      | Found a staircase to the Ecumenical Temple.
  4283 | D:7      | Found Itrimn's Specific Store.
  4286 | D:7      | Found Puxkab's General Store.
  4308 | D:7      | Bought a scroll of identify for 24 gold pieces
  4308 | D:7      | Bought a scroll of identify for 24 gold pieces
  4357 | D:7      | Found an ornate altar of the Wu Jian Council.
  4603 | D:8      | Noticed a two-headed ogre
  4612 | D:8      | Killed a two-headed ogre
  4613 | D:8      | Reached skill level 5 in Stealth
  4763 | D:8      | Reached skill level 10 in Fighting
  4763 | D:8      | Found a shimmering altar of Xom.
  4764 | D:8      | Found a sparkling altar of Nemelex Xobeh.
  4833 | D:9      | Lost mutation: Your skin blends seamlessly with your
                  | surroundings (Stealth++). [Jiyva's grace]
  4833 | D:9      | Lost mutation: Your melee attacks may engulf your foes in
                  | ooze. [Jiyva's grace]
  4833 | D:9      | Gained mutation: You have hoof-like feet. [Jiyva's grace]
  4833 | D:9      | Gained mutation: You have hooves in place of feet. [Jiyva's
                  | grace]
  4833 | D:9      | Gained mutation: You expend magic power (3 MP) to
                  | strengthen your wands. [Jiyva's grace]
  4833 | D:9      | Gained mutation: Your melee attacks may engulf your foes in
                  | ooze. [Jiyva's grace]
  5005 | D:8      | Reached skill level 10 in Polearms
  5178 | D:8      | Reached XP level 10. HP: 65/93 MP: 12/12
  6064 | D:9      | Noticed Erolcha
  6084 | D:9      | Killed Erolcha
  6085 | D:9      | Reached skill level 1 in Throwing
  6085 | D:9      | Reached skill level 1 in Armour
  6186 | D:9      | Found a radiant altar of Vehumet.
  6205 | D:9      | Noticed Joseph
  6219 | D:9      | Slimified Joseph
  6219 | D:9      | Noticed Joseph
  6219 | D:9      | Joseph changed into Joseph the endoplasm
  6241 | D:9      | Found a basalt altar of Yredelemnul.
  6668 | D:9      | Found a staircase to the Lair.
  6844 | Lair:1   | Entered Level 1 of the Lair of Beasts
  6844 | Lair:1   | Noticed a four-headed hydra
  6847 | Lair:1   | Slimified a four-headed hydra
  6847 | Lair:1   | Noticed an azure jelly
  6847 | Lair:1   | a four-headed hydra changed into an azure jelly
  6868 | Lair:1   | Lost mutation: You have hooves in place of feet. [Jiyva's
                  | grace]
  6868 | Lair:1   | Lost mutation: You are partially covered in iridescent
                  | scales. (AC +2) [Jiyva's grace]
  6868 | Lair:1   | Lost mutation: You expend magic power (3 MP) to strengthen
                  | your wands. [Jiyva's grace]
  6868 | Lair:1   | Lost mutation: Your melee attacks may engulf your foes in
                  | ooze. [Jiyva's grace]
  6868 | Lair:1   | Gained mutation: You are robust. (+10% HP) [Jiyva's grace]
  6868 | Lair:1   | Gained mutation: You are very robust. (+20% HP) [Jiyva's
                  | grace]
  6868 | Lair:1   | Gained mutation: You are extremely robust. (+30% HP)
                  | [Jiyva's grace]
  6868 | Lair:1   | Gained mutation: You are agile. (Dex +2) [Jiyva's grace]
  7124 | Lair:1   | Noticed an eight-headed hydra
  7135 | Lair:1   | Killed a 12-headed hydra
  7158 | Lair:1   | Noticed a cane toad
  7165 | Lair:1   | Killed a cane toad
  7297 | Lair:1   | Reached ****** piety under Jiyva
  7313 | Lair:1   | Found a hide-covered altar of Uskayaw.
  7314 | Lair:1   | Noticed a boulder beetle
  7316 | Lair:1   | Found an ornate altar of the Wu Jian Council.
  7342 | Lair:1   | Killed a boulder beetle
  7372 | Lair:1   | Noticed an oklob plant
  7373 | Lair:1   | Noticed an oklob plant
  7373 | Lair:1   | Noticed a cane toad
  7374 | Lair:1   | Noticed an oklob plant
  7387 | Lair:1   | Killed a cane toad
  7477 | Lair:1   | Killed an oklob plant
  7478 | Lair:1   | Reached XP level 11. HP: 99/135 MP: 13/13
  7483 | Lair:1   | Killed an oklob plant
  7501 | Lair:1   | Killed an oklob plant
  7933 | Lair:2   | Found a staircase to the Shoals.
  8014 | Lair:2   | Noticed a seven-headed hydra
  8022 | Lair:2   | Killed an 11-headed hydra
  8210 | Lair:2   | Reached skill level 5 in Armour
  8392 | Lair:2   | Found a shimmering altar of Xom.
  8689 | Lair:2   | Lost mutation: You have hoof-like feet. [Jiyva's grace]
  8689 | Lair:2   | Lost mutation: Your skin changes colour to match your
                  | surroundings (Stealth+). [Jiyva's grace]
  8689 | Lair:2   | Lost mutation: You are extremely robust. (+30% HP) [Jiyva's
                  | grace]
  8689 | Lair:2   | Lost mutation: Your spells are a little harder to cast, but
                  | a little more powerful. [Jiyva's grace]
  8689 | Lair:2   | Gained mutation: Your muscles are strong. (Str +2) [Jiyva's
                  | grace]
  8689 | Lair:2   | Gained mutation: Your muscles are very strong. (Str +4)
                  | [Jiyva's grace]
  8689 | Lair:2   | Gained mutation: Your translucent skin slightly reduces
                  | your foes' accuracy. (Stealth+) [Jiyva's grace]
  8689 | Lair:2   | Gained mutation: Your translucent skin reduces your foes'
                  | accuracy. (Stealth+) [Jiyva's grace]
  9326 | Lair:3   | Noticed a boulder beetle
  9334 | Lair:3   | Killed a boulder beetle
  9459 | Lair:3   | Noticed a five-headed hydra
  9471 | Lair:3   | HP: 1/128 [11-headed hydra (10)]
  9471 | Lair:3   | Mangled by an 11-headed hydra

Illustrated notes

Levels and vault maps discovered:
D:1:      dpeg_arrival_tiny_g, layout_rooms,
          hellmonk_ecumenical_altar_inner_sanctum
D:2:      layout_rooms, chequers_decorated_corner, minmay_tripent
D:3:      layout_basic
D:4:      layout_basic, mainiacjoe_overflow_alcove_4,
          amethyst_overflow_temple_binary, nicolae_shop_overcharged_wands
D:5:      layout_basic, nicolae_gozag_conspicuous_consumption, minivault_14
D:6:      layout_cave_pools, nicolae_ashenzari_skybound,
          nicolae_uskayaw_murder_on_the_dancefloor, fedhas_altar_3,
          solitary_fountain, uniq_sigmund, uniq_blork_the_orc, uniq_menkaure
D:7:      layout_loops_ring, lemuel_tele_altar, minmay_temple_entry_overgrown,
          grunt_ministairs_1, nicolae_specific_store
D:8:      layout_loops_corners, xom_confusion_cloud,
          nicolae_overflow_hidden_temple
D:9:      layout_grid_maze, nicolae_vehumet_radiance,
          mainiacjoe_overflow_catwalk, uniq_joseph, uniq_erolcha
Lair:1:   minmay_lair_oklob_chamber, layout_small_grid,
          nzn_masters_of_martial_movement
Lair:2:   layout_cave_pods, shoals_dummy_entry, basic_altar
Lair:3:   layout_cave_pods

Skill      XL: |  1  2  3  4  5  6  7  8  9 10 11 |
---------------+----------------------------------+-----
Fighting       | 4 5 6 7 8 10 11 13 | 13.2
Polearms       | 4 5 6 7 8 10 11 13 | 13.2
Stealth        | 2 3 4 5 |  5.4
Dodging        | 4 5 6 7 8 9 |  9.0
Spellcasting   | 1 2 |  2.3
Throwing       | 3 4 |  4.8
Armour         | 3 5 |  5.9

Action                   |  1- 3 |  4- 6 |  7- 9 | 10-12 || total
-------------------------+-------+-------+-------+-------++-------
Melee: Spear             |    90 |   101 |       |       ||   191
       Headbutt          |    14 |    18 |    13 |    64 ||   109
       Glaive            |       |     5 |   179 |   253 ||   437
       Kick              |       |     2 |    44 |    81 ||   127
Throw: Boomerang         |       |       |     2 |     3 ||     5
       Throwing net      |       |       |       |     1 ||     1
       Stone             |       |       |       |     4 ||     4
Invok: Oozemancy         |       |     2 |       |     1 ||     3
       Slimify           |       |       |       |     4 ||     4
Evoke: Wand              |       |     1 |     5 |    18 ||    24
       Box of beasts     |       |       |       |     1 ||     1
  Use: Potion            |     1 |     2 |     5 |     2 ||    10
       Scroll            |       |     4 |     7 |     6 ||    17
 Stab: Sleeping          |     3 |     2 |     1 |       ||     6
       Distracted        |       |     1 |     1 |       ||     2
Armor: Robe              |    15 |       |       |       ||    15
       Leather armour    |     2 |       |       |       ||     2
       Ring mail         |       |    27 |    38 |       ||    65
       Chain mail        |       |       |    24 |    96 ||   120
Dodge: Dodged            |    51 |    57 |   113 |   200 ||   421
